[Event "58th Akiba Rubinstein A 2022"]
[Site "Polanica-Zdroj"]
[Date "2022.08.20"]
[Round "8.9"]
[White "Motyl, Tomasz"]
[Black "Rog, Bartlomiej"]
[Result "0-1"]
[ECO "B00"]
[WhiteElo "1936"]
[BlackElo "2091"]
[Annotator "NA RC"]
[PlyCount "98"]
[EventDate "2022.08.13"]
[EventCountry "POL"]
[SourceTitle "playchess.com"]
[Source "ChessBase"]
[SourceQuality "1"]
[TimeControl "40/5400+30:1800+30"]

1. e4 Nc6 2. Nc3 Nf6 3. d4 d6 4. Nf3 g6 5. h3 Bg7 6. Be3 O-O 7. Qd2 e5 8. O-O-O exd4 9. Nxd4 Re8 10. f3 Bd7 11. g4 a6 12. h4 b5 13. h5 Ne5 14. hxg6 fxg6 15. Be2 c5 16. Nb3 c4 17. Nd4 b4 18. Nb1 c3 19. bxc3 bxc3 20. Qxc3 Rc8 21. Qb3+ Kh8 22. Bh6 Bxh6+ 23. Rxh6 Nfxg4 24. Rxh7+ Kxh7 25. fxg4 Qg5+ 26. Nd2 Re7 27. Rh1+ Kg7 28. Qh3 Nf7 29. Qh7+ Kf8 30. Rf1 Qe5 31. N2f3 Qg7 32. Qh2 Ke8 33. Bxa6 Rc5 34. Nb3 Rc7 35. Nfd4 Rxe4 36. Rxf7 Qxf7 37. Qxd6 Qf4+ 38. Qxf4 Rxf4 39. g5 Rg4 40. a4 Bxa4 41. Bd3 Rxg5 42. Ne6 Rg1+ 43. Kd2 Rf7 44. Nbc5 Bd7 45. Nd4 Ke7 46. Ke3 g5 47. Ne4 g4 48. c4 Rh1 49. Ng3 Rh3 0-1

[Event "58th Akiba Rubinstein A 2022"]
[Site "Polanica-Zdroj"]
[Date "2022.08.20"]
[Round "8.10"]
[White "Kasprzak, Lukasz"]
[Black "Paprocki, Antoni"]
[Result "1/2-1/2"]
[ECO "A14"]
[WhiteElo "1938"]
[BlackElo "1981"]
[Annotator "NA RC"]
[PlyCount "75"]
[EventDate "2022.08.13"]
[EventCountry "POL"]
[SourceTitle "playchess.com"]
[Source "ChessBase"]
[SourceQuality "1"]
[TimeControl "40/5400+30:1800+30"]

1. c4 e6 2. Nf3 Nf6 3. g3 d5 4. Bg2 Be7 5. O-O d4 6. d3 O-O 7. e3 c5 8. exd4 cxd4 9. Re1 Nc6 10. a3 a5 11. Bf4 Bd6 12. Ne5 Nxe5 13. Bxe5 Bxe5 14. Rxe5 Qc7 15. Rb5 Ra7 16. a4 Bd7 17. Rb3 Bc6 18. Rba3 Nd7 19. Nd2 e5 20. Qc2 Ra6 21. Bxc6 bxc6 22. c5 Nf6 23. Re1 Nd5 24. Nc4 f6 25. Nd6 Raa8 26. Rb3 Rab8 27. Rxb8 Qxb8 28. Qe2 Qb4 29. Rc1 Qb8 30. Qg4 Qc7 31. Qe6+ Kh8 32. h4 Nb4 33. Rd1 h6 34. h5 Qa7 35. Kh2 Na6 36. Rc1 Rb8 37. Nc8 Qc7 38. Qe8+ 1/2-1/2

[Event "58th Akiba Rubinstein A 2022"]
[Site "Polanica-Zdroj"]
[Date "2022.08.20"]
[Round "8.11"]
[White "Betkowski, Andrzej"]
[Black "Paszkowski, Krystian"]
[Result "1/2-1/2"]
[ECO "B23"]
[WhiteElo "2063"]
[BlackElo "1988"]
[Annotator "NA RC"]
[PlyCount "81"]
[EventDate "2022.08.13"]
[EventCountry "POL"]
[SourceTitle "playchess.com"]
[Source "ChessBase"]
[SourceQuality "1"]
[TimeControl "40/5400+30:1800+30"]

1. e4 c5 2. Nc3 Nc6 3. Nge2 d6 4. d4 cxd4 5. Nxd4 e5 6. Nde2 Nf6 7. g3 Be7 8. Bg2 O-O 9. O-O Be6 10. h3 Rc8 11. Be3 a6 12. Qd2 Na5 13. b3 b5 14. Rfd1 Qd7 15. Kh2 b4 16. Na4 Nc4 17. Qd3 Qb5 18. c3 Nxe3 19. Qxe3 bxc3 20. Naxc3 Qa5 21. Rac1 Rc7 22. Na4 Rfc8 23. Rxc7 Rxc7 24. Rc1 Rxc1 25. Qxc1 Bd7 26. Qc3 Bd8 27. Qxa5 Bxa5 28. Nac3 Bb4 29. g4 h6 30. Kg3 Bc6 31. f4 Kf8 32. f5 g5 33. Kf2 Ke7 34. Ke3 Kd7 35. Kd3 Kc7 36. Kc4 Bxc3 37. Nxc3 Kb6 38. a4 a5 39. b4 Bb7 40. Kb3 Ba6 41. b5 1/2-1/2

[Event "58th Akiba Rubinstein A 2022"]
[Site "Polanica-Zdroj"]
[Date "2022.08.20"]
[Round "8.12"]
[White "Smietanska, Wiktoria"]
[Black "Sliwerski, Radoslaw"]
[Result "0-1"]
[ECO "B51"]
[WhiteElo "1919"]
[BlackElo "1951"]
[Annotator "NA RC"]
[PlyCount "74"]
[EventDate "2022.08.13"]
[EventCountry "POL"]
[SourceTitle "playchess.com"]
[Source "ChessBase"]
[SourceQuality "1"]
[TimeControl "40/5400+30:1800+30"]

1. e4 c5 2. Nf3 d6 3. Bb5+ Nd7 4. Ba4 a6 5. c4 Ngf6 6. O-O e6 7. Nc3 Qc7 8. Qe2 Be7 9. d4 cxd4 10. Nxd4 O-O 11. f4 b6 12. Bc2 Bb7 13. Bd2 Rac8 14. b3 b5 15. Bd3 bxc4 16. Bxc4 d5 17. exd5 Bc5 18. Be3 exd5 19. Bd3 Rfe8 20. Qf3 Qb6 21. Nce2 Rxe3 22. Qxe3 Re8 23. Qd2 Bxd4+ 24. Nxd4 Qxd4+ 25. Kh1 Ne4 26. Qc2 Ndc5 27. Bxe4 dxe4 28. Rad1 Nd3 29. Qe2 Rd8 30. h3 Rd6 31. Kh2 f5 32. Rd2 e3 33. Rfd1 Qxf4+ 34. g3 Qe4 35. Rc2 f4 36. gxf4 Qxf4+ 37. Kg1 Rg6+ 0-1

[Event "58th Akiba Rubinstein A 2022"]
[Site "Polanica-Zdroj"]
[Date "2022.08.20"]
[Round "8.13"]
[White "Czechowski, Jakub"]
[Black "Antoniewicz, Jakub"]
[Result "1-0"]
[ECO "A83"]
[WhiteElo "2003"]
[BlackElo "1931"]
[Annotator "NA RC"]
[PlyCount "63"]
[EventDate "2022.08.13"]
[EventCountry "POL"]
[SourceTitle "playchess.com"]
[Source "ChessBase"]
[SourceQuality "1"]
[TimeControl "40/5400+30:1800+30"]

1. d4 f5 2. e4 fxe4 3. Nc3 Nf6 4. Bg5 g6 5. Bc4 c6 6. d5 Bg7 7. Qd2 e6 8. d6 b5 9. Bb3 b4 10. Na4 a5 11. Ne2 Ba6 12. Nf4 e5 13. Ne2 Bb5 14. Nc5 Na6 15. Nxa6 Rxa6 16. a4 Bxe2 17. Qxe2 Qb6 18. Bxf6 Bxf6 19. O-O-O Kd8 20. Qxe4 Kc8 21. f3 Kb7 22. h4 Raa8 23. h5 g5 24. Qf5 Qd8 25. Rhe1 Kc8 26. Re4 Bg7 27. Rc4 Ra6 28. Qd3 Qf6 29. Rxb4 axb4 30. Qxa6+ Kb8 31. Qb6+ Ka8 32. Rd5 1-0

[Event "58th Akiba Rubinstein A 2022"]
[Site "Polanica-Zdroj"]
[Date "2022.08.20"]
[Round "8.14"]
[White "Wolanski, Michal"]
[Black "Hetzer, Volkhard"]
[Result "0-1"]
[ECO "A15"]
[WhiteElo "2005"]
[BlackElo "1921"]
[Annotator "NA RC"]
[PlyCount "154"]
[EventDate "2022.08.13"]
[EventCountry "POL"]
[SourceTitle "playchess.com"]
[Source "ChessBase"]
[SourceQuality "1"]
[TimeControl "40/5400+30:1800+30"]

1. c4 Nf6 2. g3 g6 3. Bg2 Bg7 4. Nc3 O-O 5. Nf3 d6 6. O-O Nc6 7. Rb1 a5 8. a3 e5 9. d3 h6 10. b4 axb4 11. axb4 Nh5 12. b5 Ne7 13. Qb3 Kh7 14. Bb2 Be6 15. Ra1 Rb8 16. Ne4 b6 17. Ra7 Nc8 18. Ra2 f5 19. Neg5+ hxg5 20. Bc1 Bf6 21. Qc2 g4 22. Nd2 Bg5 23. e3 Rf7 24. Bb2 Bf6 25. Rfa1 Qh8 26. Ra8 Rxa8 27. Rxa8 Rf8 28. Ba3 Ng7 29. Qa4 Bd7 30. Qa6 Ne6 31. Qb7 Qg7 32. Bd5 Qe7 33. Rb8 Qd8 34. Bxd6 Nc5 35. Qxc7 Qxc7 36. Bxc7 Kg7 37. Bxb6 Nxb6 38. Rxb6 Nxd3 39. Nb3 Be7 40. Rb7 Rd8 41. Bc6 Bxc6 42. bxc6 Kf6 43. Rb6 Rc8 44. Na5 e4 45. Nb3 Bc5 46. Nxc5 Nxc5 47. Kg2 Nd3 48. c7+ Kf7 49. Rc6 Ne5 50. Rc5 Ke6 51. h3 gxh3+ 52. Kxh3 Kf6 53. Kg2 g5 54. Kf1 g4 55. Ke2 Nd7 56. Rc6+ Ke5 57. Kd2 Nf6 58. Kc3 Ne8 59. Rc5+ Ke6 60. Kd4 Nxc7 61. Re5+ Kf6 62. Ra5 Rd8+ 63. Kc5 Rd2 64. Kb6 Ne6 65. c5 Rxf2 66. c6 Rb2+ 67. Ka7 Rc2 68. Ra6 Ke7 69. Kb8 Rc3 70. Ra7+ Kf6 71. Ra6 Ke5 72. Ra5+ Kd6 73. Rxf5 Rxc6 74. Rf6 Ke5 75. Rh6 Rc3 76. Rh4 Kf5 77. Rh5+ Ng5 0-1

[Event "58th Akiba Rubinstein A 2022"]
[Site "Polanica-Zdroj"]
[Date "2022.08.20"]
[Round "8.15"]
[White "Walkusz, Witoslaw"]
[Black "Siekanska, Zuzanna"]
[Result "1-0"]
[ECO "C77"]
[WhiteElo "2001"]
[BlackElo "1712"]
[Annotator "NA RC"]
[PlyCount "119"]
[EventDate "2022.08.13"]
[EventCountry "POL"]
[SourceTitle "playchess.com"]
[Source "ChessBase"]
[SourceQuality "1"]
[TimeControl "40/5400+30:1800+30"]

1. e4 e5 2. Nf3 Nc6 3. Bb5 a6 4. Ba4 Nf6 5. d3 b5 6. Bb3 Be7 7. O-O d6 8. c3 O-O 9. a4 Bg4 10. h3 Bh5 11. Re1 Na5 12. Bc2 b4 13. g4 Bg6 14. Bd2 Rb8 15. cxb4 Nc6 16. b5 axb5 17. axb5 Rxb5 18. Ba4 Rb6 19. Bxc6 Rxc6 20. Be3 Qb8 21. Qa4 Qxb2 22. Na3 Qb7 23. Nc4 Rxc4 24. Qxc4 Qc8 25. Qa6 Qd7 26. Nh2 h5 27. f3 hxg4 28. hxg4 d5 29. Rec1 Bd6 30. Qc6 Qc8 31. Bc5 Bxc5+ 32. Rxc5 dxe4 33. dxe4 Nd7 34. Rca5 Nb8 35. Qd5 Rd8 36. Qb3 Nc6 37. Rd5 Nd4 38. Qa2 c6 39. Rxd8+ Qxd8 40. Qa8 Qxa8 41. Rxa8+ Kh7 42. Kf2 f6 43. Rf8 Ne6 44. Rc8 Nd4 45. Rc7 Kg8 46. Nf1 Bf7 47. Ng3 g6 48. Ne2 Nxe2 49. Kxe2 Bc4+ 50. Ke3 Bb5 51. f4 Kf8 52. g5 fxg5 53. fxe5 Ba4 54. Kf3 Bd1+ 55. Kg3 Bc2 56. Kg4 Bxe4 57. Kxg5 Ke8 58. e6 c5 59. Kf6 Kd8 60. Rxc5 1-0

[Event "58th Akiba Rubinstein A 2022"]
[Site "Polanica-Zdroj"]
[Date "2022.08.20"]
[Round "8.16"]
[White "Skrzyczek, Tomasz"]
[Black "Iwanczuk, Krzysztof"]
[Result "0-1"]
[ECO "D91"]
[WhiteElo "1909"]
[BlackElo "1947"]
[Annotator "NA RC"]
[PlyCount "106"]
[EventDate "2022.08.13"]
[EventCountry "POL"]
[SourceTitle "playchess.com"]
[Source "ChessBase"]
[SourceQuality "1"]
[TimeControl "40/5400+30:1800+30"]

1. d4 Nf6 2. c4 g6 3. Nc3 d5 4. Nf3 Bg7 5. Bg5 Ne4 6. Bf4 Nxc3 7. bxc3 c5 8. cxd5 Qxd5 9. e3 cxd4 10. cxd4 Nc6 11. Be2 O-O 12. O-O Bf5 13. Qa4 Rfc8 14. Bc4 Qd7 15. Bb5 a6 16. Bxc6 Qxc6 17. Qa3 e6 18. Rac1 Bf8 19. Qb2 Qb5 20. Qa1 Ba3 21. Rc5 Bxc5 22. dxc5 Qxc5 23. Be5 h6 24. Bh8 e5 25. Bxe5 Kh7 26. Bd4 Qc2 27. a4 b5 28. Qa3 Qc7 29. Ba1 Qc2 30. Bd4 Qc7 31. Ba1 bxa4 32. Qb2 f6 33. Qxf6 Rf8 34. Qb2 Rfc8 35. Qf6 Rf8 36. Qh4 Qd8 37. Qxa4 Qd7 38. Qh4 Qd8 39. Qa4 Rc8 40. Rd1 Ra8 41. Rf1 Qd7 42. Qh4 Qd8 43. Qa4 Rc8 44. Rd1 Rc4 45. Rf1 Rc8 46. Rd1 Rc4 47. Qb3 Rb4 48. Qa4 Rc4 49. Qb3 Rb4 50. Qa4 Rc4 51. Qb3 Rb4 52. Qxb4 Qxd1+ 53. Ne1 Qxa1 0-1

[Event "58th Akiba Rubinstein A 2022"]
[Site "Polanica-Zdroj"]
[Date "2022.08.21"]
[Round "9.1"]
[White "Koziorowicz, Michal"]
[Black "Skurniak, Szymon"]
[Result "1/2-1/2"]
[ECO "B51"]
[WhiteElo "2231"]
[BlackElo "2051"]
[Annotator "TA"]
[PlyCount "194"]
[EventDate "2022.08.13"]
[EventCountry "POL"]
[SourceTitle "playchess.com"]
[Source "ChessBase"]
[SourceQuality "1"]
[TimeControl "40/5400+30:1800+30"]

1. e4 c5 2. Nf3 d6 3. Bb5+ Nd7 4. d4 cxd4 5. Qxd4 a6 6. Bxd7+ Bxd7 7. Nc3 e5 8. Qd3 h6 9. Nd2 Rc8 10. Nc4 Be6 11. Ne3 Nf6 12. O-O Be7 13. a4 Qc7 14. Rd1 O-O 15. Bd2 Bc4 16. Nxc4 Qxc4 17. Qf3 b5 18. Rac1 b4 19. b3 Qd4 (19... Qe6 $11 20. Nd5 Nxd5 21. exd5 Qg6) 20. Nd5 $1 $16 Nxd5 21. exd5 ({Better is} 21. Bxh6 $1 $16 Qb2 22. Qg4) 21... Qb6 (21... f5 $11) 22. Qg4 $14 f5 23. Qxb4 Qxb4 24. Bxb4 Bg5 25. Rb1 (25. Bxd6 $6 Rfd8 26. Bxe5 (26. f4 $2 Bxf4 27. Bxe5 Bxc1 $19) 26... Bxc1 27. Rxc1 Rxd5 $11) 25... Rxc2 26. Bxd6 Re8 27. b4 e4 28. Bc5 (28. b5 $1 $16 {[%cal Rb5b6] And now b6 would win.} e3 29. f4 (29. bxa6 e2 $16)) 28... e3 $1 $11 29. d6 e2 30. Re1 Bf6 31. Bb6 $1 Rd2 32. b5 (32. Be3 $11 {keeps the balance.} Ra2 33. Rbc1) 32... axb5 (32... Rxd6 33. Be3 $14 (33. bxa6 $2 Bc3 $19)) (32... Bc3 $1 $17 33. Be3 Ra2) 33. axb5 ({White should try} 33. Ba5 $1 $15 Rxd6 34. axb5) 33... Rxd6 (33... Bc3 $1 $17 34. Be3 Rc2) 34. Be3 $11 Rde6 ({Black should play} 34... Rb8 $11) 35. b6 $14 ({Wrong is} 35. Rxe2 $2 f4 36. b6 fxe3 $19) 35... f4 36. Bxf4 Bc3 37. b7 Bxe1 38. Rxe1 Rb6 39. b8=Q Rbxb8 40. Bxb8 Rxb8 41. f3 Kf7 42. Rxe2 Rb5 43. Kf2 Rh5 44. h3 Ra5 45. Rb2 Ra6 46. Rb7+ Kf6 47. g4 Rc6 48. Kg3 g5 49. h4 Ra6 50. h5 Ke5 51. Rf7 Rf6 52. Ra7 Ke6 53. Kf2 Ke5 54. Ra5+ Ke6 55. Ke3 Ke7 56. Ra7+ Kd6 57. Rb7 Re6+ 58. Kd4 Rf6 59. Ke4 Rf4+ 60. Ke3 Rf6 61. Ra7 Ke6 62. Ra4 Ke5 63. Re4+ (63. f4+ $5 gxf4+ 64. Kf3 $14) 63... Kd6 64. Rd4+ Ke7 65. Rd5 Re6+ 66. Kf2 Rd6 $2 {[%emt 0:00:12] [#]} (66... Rf6 $11) 67. Rf5 $2 ({White must play} 67. Rxd6 $1 $16 Kxd6 68. f4 gxf4 69. g5 (69. Kf3 Ke5 $11)) 67... Rf6 68. Rd5 Rd6 $2 {[%emt 0:00:16] [#]} (68... Ke6 $11 69. Ra5 Kf7 70. Ra7+ Kg8) 69. Rc5 $2 (69. Rxd6 $1 $16 Kxd6 70. f4 gxf4 71. g5 (71. Kf3 Ke5 $11)) 69... Rf6 $11 70. Rc7+ Kd6 71. Rc8 Kd7 72. Rh8 Ke7 73. Rh7+ Kd6 74. Ke3 Re6+ 75. Kd4 Rf6 76. Ke4 Rf4+ 77. Ke3 Rf6 78. Ra7 Ke5 79. Re7+ Re6 80. Rd7 Rd6 81. Rc7 Rf6 82. Rc3 Kd5 83. Kf2 Kd4 84. Re3 Kd5 85. Kg3 Re6 86. Ra3 $1 Rf6 87. Ra1 Ke5 88. Re1+ Kd6 89. Re8 Rf4 90. Rh8 Rf6 91. Rh7 (91. f4 $5 gxf4+ 92. Kf3 $14) 91... Ke6 92. Ra7 (92. f4 $5 gxf4+ 93. Kf3 $14) 92... Ke5 93. f4+ Rxf4 94. Ra5+ Kf6 95. Ra7 $1 Ke5 96. Re7+ Kd6 97. Rh7 Rf6 1/2-1/2

[Event "58th Akiba Rubinstein A 2022"]
[Site "Polanica-Zdroj"]
[Date "2022.08.21"]
[Round "9.2"]
[White "Kolodziejski, Piotr"]
[Black "Cyborowski, Lukasz"]
[Result "0-1"]
[ECO "B85"]
[WhiteElo "2107"]
[BlackElo "2483"]
[Annotator "TA"]
[PlyCount "94"]
[EventDate "2022.08.13"]
[EventCountry "POL"]
[SourceTitle "playchess.com"]
[Source "ChessBase"]
[SourceQuality "1"]
[TimeControl "40/5400+30:1800+30"]

1. e4 c5 2. Nf3 d6 3. d4 cxd4 4. Nxd4 Nf6 5. Nc3 e6 6. Be2 a6 7. O-O Qc7 8. Be3 b5 9. a3 Bb7 10. Bd3 Nbd7 11. Kh1 {[%emt 0:06:55] B84: Sicilian Scheveningen: 6 Be2 a6, lines without early Be3.} Be7 12. Nb3 O-O 13. f4 {[%emt 0:03:08] Black has an edge.} Rac8 14. Qe1 {[%emt 0:07:27] [#]} e5 $146 ({Predecessor:} 14... Rfe8 15. Qg3 Qb8 16. e5 dxe5 17. fxe5 Qxe5 18. Bf4 Qh5 19. Rae1 Nd5 20. Nxd5 Bxd5 {0-1 (36) Lederle,V (2191)-Mainka,R (2483) Bad Wiessee 2010}) 15. Rd1 Rfe8 16. Qg3 Nh5 17. Qh3 Nxf4 18. Bxf4 exf4 19. Nd5 Bxd5 20. exd5 g6 21. Rxf4 Ne5 22. Rdf1 Bg5 23. R4f2 Qb6 {[%emt 0:06:45] Inhibits Nd4.} 24. Re2 {[%emt 0:08:09] Against Qe3} Qb7 25. Qg3 ({White should play} 25. Rfe1) 25... Nxd3 $17 26. Rxe8+ Rxe8 27. Qxd3 Re3 28. Qd4 (28. Qd1 $17 {is the only way for White.}) 28... Re5 29. Rd1 (29. Qd1 $17) 29... Qe7 $19 30. g3 $2 (30. Nd2) 30... Qf6 {[%emt 0:02:31] [#] ( -> ...Qf3+)} 31. Qd3 {[%emt 0:02:01] Prevents Qf3+.} Re3 32. Qf1 Rf3 33. Qe2 Rf2 34. Qd3 Qxb2 35. Nd4 Bf6 36. Ne2 Qe5 37. Nf4 {[%emt 0:00:48] Inhibits Qh5.} Qc3 38. Rc1 Rf3 39. Qe2 Bg5 40. Rf1 Rxf1+ 41. Qxf1 Qxc2 {[%emt 0:01:07] aiming for ...Bxf4.} 42. Qf3 Bxf4 43. gxf4 {[%emt 0:01:14] KQ-KQ} a5 {[%emt 0:00:06][%cal Ba6a5,Ba5b4,Bb4b3][%mdl 32] [#] Hoping for ...b4.} 44. h4 b4 {[%emt 0:00:20] Black mates.} 45. axb4 axb4 46. Qe3 b3 47. Qe8+ Kg7 {[%emt 0:00:04] Weighted Error Value: White=0.56/Black=0.12 (very precise)} 0-1

[Event "58th Akiba Rubinstein A 2022"]
[Site "Polanica-Zdroj"]
[Date "2022.08.21"]
[Round "9.3"]
[White "Siekanska, Maria"]
[Black "Razin, Vadim"]
[Result "1-0"]
[ECO "D08"]
[WhiteElo "1964"]
[BlackElo "2428"]
[Annotator "ChessBase"]
[PlyCount "147"]
[EventDate "2022.08.13"]
[EventCountry "POL"]
[SourceTitle "playchess.com"]
[Source "ChessBase"]
[SourceQuality "1"]
[TimeControl "40/5400+30:1800+30"]

1. d4 d5 2. c4 Nc6 3. Nf3 e5 4. dxe5 d4 5. Nbd2 Nge7 6. Nb3 Ng6 7. Nbxd4 Ncxe5 8. Nxe5 Nxe5 9. e3 Bg4 10. Be2 Bb4+ 11. Kf1 Bxe2+ 12. Kxe2 O-O 13. Nf3 Qf6 14. Nxe5 Qxe5 15. Qd5 Qf6 16. Qxb7 Rab8 17. Qe4 Rfe8 18. Qc2 Qc6 19. Rg1 Re6 20. a3 Bd6 21. f3 Rbe8 22. Bd2 Bf4 23. Rge1 Qc5 24. b4 Qh5 25. h3 Qg5 26. Kf1 Rg6 27. Bc1 Qg3 28. Rd1 Be5 29. Rb1 Qh4 30. Qe4 Qh5 31. Rd5 Rge6 32. Qg4 Qh6 33. e4 Qf6 34. Qg5 Qxg5 35. Bxg5 g6 36. Rbd1 Ra6 37. Bh6 Bf6 38. e5 Be7 39. Rd7 Re6 40. f4 a5 41. bxa5 g5 42. Bxg5 Bxg5 43. fxg5 Rxe5 44. Rd8 Rxd8 45. Rxd8+ Kg7 46. Rd5 Re3 47. Rc5 Rxa3 48. Kf2 Kf8 49. h4 Ke8 50. Rxc7 Rxa5 51. g4 Kf8 52. Ke3 Kg7 53. c5 Ra1 54. c6 Rc1 55. Rc8 h6 56. gxh6+ Kxh6 57. Kd4 Kg7 58. Ke5 Rg1 59. Ra8 Rc1 60. Kd6 Rd1+ 61. Ke7 Rc1 62. Kd7 Rd1+ 63. Kc8 Kf6 64. c7 Ke7 65. Ra2 Rb1 66. Re2+ Kf8 67. Re4 Rb2 68. Kd7 Rd2+ 69. Kc6 Rc2+ 70. Kb6 f6 71. h5 Kf7 72. h6 f5 73. gxf5 Rc1 74. h7 1-0

[Event "58th Akiba Rubinstein A 2022"]
[Site "Polanica-Zdroj"]
[Date "2022.08.21"]
[Round "9.4"]
[White "Lambrecht, Tomasz"]
[Black "Kowalczyk, Rafal"]
[Result "1/2-1/2"]
[ECO "E01"]
[WhiteElo "1956"]
[BlackElo "2239"]
[Annotator "TA"]
[PlyCount "123"]
[EventDate "2022.08.13"]
[EventCountry "POL"]
[SourceTitle "playchess.com"]
[Source "ChessBase"]
[SourceQuality "1"]
[TimeControl "40/5400+30:1800+30"]

1. d4 Nf6 2. c4 e6 3. g3 d5 4. Bg2 Bb4+ 5. Nd2 O-O 6. Ngf3 b6 {[%emt 0:12:32] E01: Catalan: Early deviations.} 7. cxd5 exd5 ({But not} 7... Qxd5 8. O-O c6 9. Qa4 $14) 8. O-O Re8 {[%emt 0:03:02] The position is equal.} 9. a3 Bd6 {[%emt 0:00:26] [#]} 10. Nb1 $146 ({Predecessor:} 10. b3 Ba6 11. Re1 Nbd7 12. Bb2 Qe7 13. e3 Ne4 14. Qc2 Bb7 15. Rec1 Nxf2 16. Nf1 {½-½ (77) Moskalenko,A (2522)-Lushenkov,M (2434) Chess.com INT 2017}) 10... h6 11. Nc3 c6 12. Qc2 Qe7 13. Nd2 Ba6 14. Re1 Nbd7 15. e4 (15. b4 $11) 15... Nxe4 (15... c5 $1 $15 {stays ahead.} 16. Nb3 (16. e5 cxd4 17. Nxd5 Nxd5 $15) 16... Rac8) 16. Ncxe4 $16 f5 {[%emt 0:09:19] [#]} (16... dxe4 $16 17. Nxe4 (17. Rxe4 Qf8 $14) 17... Bb7) 17. Qxc6 $1 $18 dxe4 {[%emt 0:00:32] [#]} 18. Nc4 $2 (18. Nxe4 $1 $18 {[%mdl 512] aiming for Qd5+.} Bd3 (18... fxe4 19. Rxe4) 19. Qd5+ Kh8 20. Qxf5) 18... Bxc4 19. Qxc4+ Qf7 20. Qxf7+ Kxf7 21. Bd2 Rac8 22. Rac1 Nf6 23. Rxc8 Rxc8 24. Rc1 {[%emt 0:00:01] Against Rc2} Rxc1+ 25. Bxc1 $11 {[%emt 0:00:01][%mdl 4096] Endgame KBB-KBN} Ke6 26. Bf1 Kd5 27. b3 g5 (27... Kxd4 $5 28. Bb2+ Kd5 $15) 28. Bc4+ Kc6 29. a4 f4 30. Bb5+ Kc7 31. Bb2 h5 32. Bc4 h4 33. gxh4 gxh4 34. h3 Kd7 35. Bc3 a5 36. f3 e3 ({Don't play} 36... exf3 37. Be1 $14) 37. Be1 Bb4 38. Bxh4 Nh5 39. Kg2 Bc3 40. Bf7 Ng7 41. Bc4 $1 Nf5 42. Bf6 (42. Bg5 $11) 42... Ng3 (42... Bxd4 $15 43. Bd3 Bxf6 44. Bxf5+ Kc6) 43. Bh4 Nf5 44. Bf6 (44. Bg5 $11) 44... Bb4 ({Black should try} 44... Bxd4 $15 45. Bd3 Bxf6 46. Bxf5+ Kc6) 45. d5 Kd6 $2 (45... Be7 $11 {and Black has nothing to worry.} 46. Be5 Bd6) 46. Bd3 $2 (46. h4 $18) 46... Ng3 {[%emt 0:00:37] ...e2 is the strong threat.} 47. Bh4 Nh5 48. Bg6 Ng7 (48... Kxd5 $11 49. Bxh5 e2) 49. Kf1 $14 Kxd5 50. Bf6 Ne6 (50... Bf8 $1 $14) 51. Bf7 $18 {[%emt 0:00:01] Threatens to win with Bg5. A strong pair of Bishops.} Bd6 (51... Kd6 $142 52. Bxe6 Kxe6) 52. Bd8 Bc5 53. Bc7 $2 ({White should play} 53. h4 $18 Ke5 54. Bxe6 Kxe6 55. h5) 53... Bd6 $2 (53... Kc6 $11 54. Be5 Bd4) 54. Bxb6 $2 (54. Bxe6+ Kxe6 55. Bxb6) 54... Kc6 {[%emt 0:00:13] White must now prevent ...Ng5.} 55. Bxe3 ({Weaker is} 55. Bxe6 Kxb6 56. h4 Kc5 $11) (55. Bxa5 $18 {and the rest is easy.} Nd4 56. Bc3 Nxf3 57. Bh5 Nd2+ 58. Bxd2 (58. Ke2 Nxb3 59. h4 Kc5 $14) 58... exd2 59. Ke2) 55... fxe3 $16 56. Bxe6 $18 {[%emt 0:00:07] KB-KB} Kc5 57. Ke2 Kd4 58. h4 Bf4 (58... Ke5 $142) 59. h5 Kc3 {[%emt 0:00:24] White is better.} 60. Bc4 Bh6 {[%emt 0:00:33] [#]} 61. Bb5 $1 Bf4 {[%emt 0:01:16] [#]} 62. Bc4 {[%emt 0:00:50] Weighted Error Value: White=0.43/Black=0.40} (62. b4 $1 $16 Kxb4 63. Kd3) 1/2-1/2

[Event "58th Akiba Rubinstein A 2022"]
[Site "Polanica-Zdroj"]
[Date "2022.08.21"]
[Round "9.5"]
[White "Dziewonski, Dariusz"]
[Black "Kejna, Piotr"]
[Result "1-0"]
[ECO "B30"]
[WhiteElo "2029"]
[BlackElo "1970"]
[Annotator "NA"]
[PlyCount "103"]
[EventDate "2022.08.13"]
[EventCountry "POL"]
[SourceTitle "playchess.com"]
[Source "ChessBase"]
[SourceQuality "1"]
[TimeControl "40/5400+30:1800+30"]

1. e4 c5 2. Nf3 Nc6 3. Bb5 e6 4. O-O Nd4 5. Nxd4 cxd4 6. b3 a6 7. Bd3 Ne7 8. Bb2 d5 9. Qf3 dxe4 10. Bxe4 Qd7 11. c3 f5 12. Bc2 g6 13. Na3 Bg7 14. Nc4 Qc6 15. Bd1 O-O 16. Qxc6 Nxc6 17. Nb6 Rb8 18. Bf3 Rd8 19. Rfe1 Ne5 20. Be2 d3 21. Bf1 Rd6 22. f4 Nf3+ 23. gxf3 Rxb6 24. Re3 Rd6 25. Ba3 Rd8 26. Rxd3 Rxd3 27. Bxd3 Bd7 28. Re1 Bh6 29. Bd6 Rd8 30. Bc7 Rc8 31. Be5 Bc6 32. Bc4 Re8 33. Kf2 Kf7 34. a4 Bf8 35. d4 Rc8 36. Bd6 Bd5 37. Bxd5 exd5 38. Bxf8 Kxf8 39. Re3 b5 40. axb5 axb5 41. Ke2 b4 42. cxb4 Rb8 43. Kd3 Rxb4 44. Kc3 Rb5 45. b4 h5 46. h4 Rb8 47. Kb3 Kf7 48. Ka4 Ra8+ 49. Kb5 Rc8 50. Ka5 Ra8+ 51. Kb6 Ra4 52. Kc5 1-0

[Event "58th Akiba Rubinstein A 2022"]
[Site "Polanica-Zdroj"]
[Date "2022.08.21"]
[Round "9.6"]
[White "Barwinska, Ewa"]
[Black "Majocha, Piotr"]
[Result "0-1"]
[ECO "C18"]
[WhiteElo "1940"]
[BlackElo "2036"]
[Annotator "NA RC"]
[PlyCount "108"]
[EventDate "2022.08.13"]
[EventCountry "POL"]
[SourceTitle "playchess.com"]
[Source "ChessBase"]
[SourceQuality "1"]
[TimeControl "40/5400+30:1800+30"]

1. e4 e6 2. d4 d5 3. Nc3 Bb4 4. e5 c5 5. a3 Bxc3+ 6. bxc3 Ne7 7. Qg4 Qc7 8. Qxg7 Rg8 9. Qxh7 cxd4 10. Qd3 Qxe5+ 11. Ne2 dxc3 12. Qxc3 Nbc6 13. Qxe5 Nxe5 14. Nd4 Bd7 15. h4 f6 16. Rb1 b6 17. h5 Kf7 18. g3 Nc4 19. Nb5 Bxb5 20. Rxb5 Rac8 21. Kd1 Nd6 22. Rb3 Ne4 23. Rh2 e5 24. Bd2 Nxd2 25. Kxd2 Kg7 26. g4 Kh6 27. f3 Rc5 28. Rc3 Rgc8 29. Rxc5 Rxc5 30. Re2 Kg5 31. Re3 d4 32. Rb3 Nd5 33. Bd3 Nc3 34. Bf5 Kf4 35. h6 Rd5 36. Be6 Rd8 37. h7 Rh8 38. Bg8 Kxf3 39. Kd3 Kxg4 40. Rb4 f5 41. Rc4 Ne4 42. Rc7 a6 43. Rc6 b5 44. Rg6+ Kf4 45. Rg7 Nf6 46. Kd2 Kf3 47. c3 dxc3+ 48. Kxc3 e4 49. Rf7 Nxg8 50. hxg8=Q Rxg8 51. Rxf5+ Ke3 52. Rf6 Rc8+ 53. Kb3 Rc4 54. Rxa6 Kd3 0-1

[Event "58th Akiba Rubinstein A 2022"]
[Site "Polanica-Zdroj"]
[Date "2022.08.21"]
[Round "9.7"]
[White "Bugajski, Robert"]
[Black "Czechowski, Jakub"]
[Result "0-1"]
[ECO "E61"]
[WhiteElo "2075"]
[BlackElo "2003"]
[Annotator "NA RC"]
[PlyCount "96"]
[EventDate "2022.08.13"]
[EventCountry "POL"]
[SourceTitle "playchess.com"]
[Source "ChessBase"]
[SourceQuality "1"]
[TimeControl "40/5400+30:1800+30"]

1. d4 Nf6 2. c4 g6 3. Nc3 Bg7 4. Nf3 O-O 5. g3 c6 6. Bg2 d5 7. cxd5 cxd5 8. O-O Nc6 9. Ne5 e6 10. Bf4 Nxe5 11. Bxe5 Bd7 12. e3 Qb6 13. Qb3 $11 Rfc8 14. Rfc1 Ne8 15. Bxg7 Kxg7 16. Qxb6 axb6 17. a4 Bxa4 18. e4 dxe4 19. Bxe4 Nd6 20. Bg2 Bc6 21. d5 exd5 22. Rxa8 Rxa8 23. Nxd5 Ra2 24. Nc3 Rxb2 25. Bxc6 bxc6 26. Na4 Rb4 27. Rxc6 Nc4 28. Nc3 Na3 29. Nd5 Rb1+ 30. Kg2 b5 31. Ra6 Nc2 32. Nc3 Rb3 33. Ne4 b4 34. Ra7 Ra3 35. Rc7 b3 36. Ng5 b2 37. Rxf7+ Kg8 38. Rb7 Ne1+ 39. Kh3 Nd3 40. Nxh7 Ra1 41. Nf6+ Kf8 42. Rd7 Ra6 43. Nh7+ Ke8 44. Rxd3 b1=Q 45. Re3+ Kd8 46. Rf3 Ra5 47. Kg2 Qb7 48. h4 Qxh7 0-1